 Dungeon Crawl Stone Soup version 0.27-a0-1308-gc08437e49b (webtiles) character file.

Game seed: 5751959127950825092

46 hatdisgam the Ruffian (level 3, -2/31 HPs)
             Began as a Naga Transmuter on June 18, 2021.
             Slain by a goblin (4 damage)
             ... led by Robin
             ... on level 2 of the Dungeon.
             The game lasted 00:03:05 (1526 turns).

hatdisgam the Ruffian (Naga Transmuter)             Turns: 1526, Time: 00:03:06

Health: -2/31      AC:  2    Str: 12    XL:     3   Next: 66%
Magic:  5/6        EV: 10    Int: 14    God:
Gold:   52         SH:  0    Dex: 11    Spells: 5/6 levels left

rFire    . . .     SeeInvis +     - Unarmed
rCold    . . .     Faith    .   (no shield)
rNeg     . . .     Spirit   .   a - +0 robe
rPois    +         Reflect  .   (helmet currently unavailable)
rElec    .         Harm     .   (no cloak)
rCorr    .         Rampage  .   (no gloves)
Will     .....                  (no barding)
Stlth    +.........             (no amulet)
HPRegen  0.10/turn              (no ring)
MPRegen  0.10/turn              (no ring)

@: appendages (expiring), flying, very slightly contaminated, invisible, very
slow
A: horns 2, AC +1, large, see invisible, deformed body, poison resistance,
slowness 2, spit poison 1, naga tail 1
a: Spit Poison, End Transformation


You were on level 2 of the Dungeon.
You had temporarily grown beastly horns.
You visited 1 branch of the dungeon, and saw 2 of its levels.

You collected 52 gold pieces.

Inventory:

Armour
 a - a +0 robe (worn)
Jewellery
 c - a ring of ice
Scrolls
 b - a scroll of magic mapping {unknown}
 f - a scroll of amnesia {unknown}
 g - a scroll of teleportation {unknown}
 h - a scroll of identify {unknown}
 i - a scroll of silence {unknown}


   Skills:
 - Level 1.0 Fighting
 + Level 2.0 Dodging
 * Level 3.8 Unarmed Combat
 - Level 2.0 Spellcasting
 + Level 2.5 Transmutations


You had 5 spell levels left.
You knew the following spells:

 Your Spells              Type           Power      Damage    Failure   Level
a - Beastly Appendage     Tmut           16%        N/A       9%          1

Your spell library contained the following spells:

 Spells                   Type           Power      Damage    Failure   Level
 Wereblood                Tmut           8%         N/A       12%         2
 Spider Form              Tmut/Pois      2%         N/A       38%         3
 Ice Form                 Ice/Tmut       5%         N/A       80%         4


Dungeon Overview and Level Annotations

Branches:
Dungeon (2/15)

Altars:

Shops:
D:1 [=(*=


Innate Abilities, Weirdness & Mutations

You have temporarily grown beastly horns.
Your serpentine skin is tough. (AC +1)
You have supernaturally acute eyesight. (SInv)
Armour fits poorly on your strangely shaped body.
Your system is resistant to poisons. (rPois)
You cover ground very slowly.
You can spit poison.
You have a snake-like lower body.


Message History

You hit the goblin.
You kill the goblin!
Your transformation is almost over.
The goblin misses you.
Okay, then.
Okay, then.
You hit the goblin.
You kill the goblin!
You have got your breath back.
Press: ? - help, Shift-Dir - straight line, f - goblin
Aim: a goblin, wielding a +0 club The splash of poison hits the goblin!
The goblin is poisoned.
You kill the goblin!
The hobgoblin hits you.
* * * LOW HITPOINT WARNING * * *
Unknown command.
Casting: Beastly Appendage (safe; 9% risk of failure)
Confirm with . or Enter, or press ? or * to list all spells.
You extend your transformation's duration.
The hobgoblin barely misses you.
Unknown command.
You closely miss the hobgoblin. The hobgoblin hits you.
* * * LOW HITPOINT WARNING * * *
It was a potion of flight.
You feel very buoyant.
You fly up into the air.
The hobgoblin hits you.
* * * LOW HITPOINT WARNING * * *
A goblin comes into view. It is wielding a +0 dagger.
It was a potion of invisibility.
You fade into invisibility!
The hobgoblin barely misses you.
You are very lightly contaminated with residual magic.
A hobgoblin comes into view.
You have got your breath back.
The hobgoblin shouts!
The hobgoblin closely misses you.
Your transformation is almost over.
The hobgoblin barely misses you. The goblin hits you with a +0 dagger.
You die...

#.#.. #.#............###....$.
#..#. ###....###..###...........
##.............................g
........######.....g.......g.g
......# #.#....##.# ......#
##...#)###.##
#.......###.g.....)..)##
#.....#.....gg#####....#
.....>..@...####.##.#
..........#...##....#
..........###...##....#
........... ###.# #...#
...#.#####.. #..# ..... .....
##. .......... ###..
###......... # ..##...... ###
.....


You could see 2 hobgoblins and 2 goblins.

Vanquished Creatures
  Robin (D:2)
  2 ball pythons
  3 endoplasms (D:1)
  2 giant cockroaches
  5 goblins (D:2)
  3 hobgoblins
  2 jackals (D:1)
  2 kobolds (D:1)
  A quokka (D:1)
  4 bats
  3 frilled lizards
28 creatures vanquished.

Vanquished Creatures (others)
  3 toadstools (D:2)
3 creatures vanquished.

Grand Total: 31 creatures vanquished

Notes
Turn   | Place    | Note
-------+----------+-------------------------------------------
     0 | D:1      | hatdisgam the Naga Transmuter began the quest for the Orb.
     0 | D:1      | Reached XP level 1. HP: 18/18 MP: 3/3
   119 | D:1      | Found Plog's Jewellery Shop.
   171 | D:1      | Found Atufrilu's Assorted Antiques.
   179 | D:1      | Found Jakibrudoa's Jewellery Shop.
   358 | D:1      | Found Ajuwew's Weapon Emporium.
   457 | D:1      | Reached XP level 2. HP: 24/25 MP: 5/5
   910 | D:1      | Found Xonas's Armour Emporium.
  1205 | D:2      | Reached XP level 3. HP: 15/31 MP: 4/6
  1497 | D:2      | Noticed Robin
  1505 | D:2      | Killed Robin
  1519 | D:2      | HP: 1/31 [hobgoblin[Robin] (2)]
  1526 | D:2      | Slain by a goblin

Illustrated notes

Levels and vault maps discovered:
D:1:      lightli_arrival_isolated_outpost, layout_basic, serial_shops, shop,
          shop, shop_fountains, shop, shop
D:2:      layout_rooms, minmay_gold_behind_fungi, minmay_vboxes, uniq_robin

Skill      XL: |  1  2  3 |
---------------+----------+-----
Dodging        | 2 |  2.0
Fighting       | |  1.0
Unarmed Combat | |  3.8
Spellcasting   | |  2.0
Transmutations | |  2.5

Action                   || total
-------------------------++-------
Melee: Unarmed           ||    93
       Headbutt          ||     2
 Cast: Beastly Appendage ||     9
 Abil: Spit Poison       ||    10
  Use: Potion            ||     2
Armor: Robe              ||    11
Dodge: Dodged            ||    56

Table legend: (Time is in decaauts)
 A = Elapsed time spent in this place.
 B = Non-inter-level travel time spent in this place.
 C = Inter-level travel time spent in this place.
 D = Time resting spent in this place.
 E = Time spent auto-exploring this place.
 F = Levels seen in this place.
 G = Mean time per level.
                   A        B        C        D        E       F      G
               +--------+--------+--------+--------+--------+-----+--------+
         Total |   1735 |   1711 |     24 |    214 |   1259 |   2 |  867.5 |
       Dungeon |   1735 |   1711 |     24 |    214 |   1259 |   2 |  867.5 |
               +--------+--------+--------+--------+--------+-----+--------+

Top non-repeatable levels by time:
     D:1: 1474 daAuts
     D:2: 261 daAuts
